 Dungeon Crawl Stone Soup version 0.27-a0-421-g7ddf969dea (webtiles) character file.

Game seed: 16059703491346909345

805 Anon1729 the Cutter (level 7, -3/82 HPs)
             Began as a Demonspawn Monk on Feb 26, 2021.
             Slain by a hornet zombie (7 damage)
             ... on level 6 of the Dungeon.
             The game lasted 00:06:03 (6472 turns).

Anon1729 the Cutter (Demonspawn Monk)               Turns: 6472, Time: 00:06:03

Health: -3/82      AC: 23    Str: 11    XL:     7   Next: 60%
Magic:  7/7        EV:  2    Int: 14    God:
Gold:   268        SH:  0    Dex: 15    Spells: 6/6 levels left

rFire    . . .     SeeInvis .   j - +2 dagger (venom)
rCold    . . .     Faith    .   (no shield)
rNeg     + + +     Spirit   .   (armour currently unavailable)
rPois    +         Reflect  .   (helmet currently unavailable)
rElec    .         Harm     .   (cloak currently unavailable)
rCorr    .         Rampage  .   (gloves currently unavailable)
Will     .....     NoTele   +   (boots currently unavailable)
Stlth    +++.......             (no amulet)
HPRegen  0.23/turn              n - ring of wizardry
MPRegen  0.20/turn              (no ring)

@: tree-form
A: magic regeneration
a: no special abilities


You were on level 6 of the Dungeon.
You were a tree.
You visited 1 branch of the dungeon, and saw 6 of its levels.

You collected 268 gold pieces.

Inventory:

Hand Weapons
 a - a +0 short sword
 j - a +2 dagger of venom (weapon)
Armour
 b - a +0 robe (melded)
 m - a +0 pair of boots (melded)
Jewellery
 i - an amulet of guardian spirit
 n - a ring of wizardry (left branch)
 u - an amulet of faith
Scrolls
 c - a scroll of fog {unknown}
 d - 3 scrolls of teleportation
 e - a scroll of amnesia {unknown}
 h - 3 scrolls of immolation
 k - a scroll of magic mapping {unknown}
 p - a scroll of enchant armour {unknown}
 r - 2 scrolls of blinking {unknown}
Potions
 f - a potion of haste
 g - 2 potions of attraction
 l - a potion of brilliance
 o - a potion of ambrosia {unknown}
 s - a potion of curing
 t - 2 potions of mutation


   Skills:
 + Level 4.4 Fighting
 + Level 5.3 Short Blades
 + Level 5.0 Dodging
 + Level 4.1 Stealth


You had 6 spell levels left.
You didn't know any spells.
Your spell library was empty.

Dungeon Overview and Level Annotations

Branches:
Dungeon (6/15)             Temple (0/1) D:5

Altars:

Annotations:
D:6 3 runed translucent doors, Anon1729's ghost, amateur OpWr; Glorbak's ghost, novice TrFi; Inkie's ghost, novice KoEn


Innate Abilities, Weirdness & Mutations

((You have a pair of small antennae on your head.))
((You are mostly covered in molten scales. (AC +3)))
You regenerate magic rapidly.


Message History

You hit the hornet zombie.
The hornet zombie is lightly damaged.
The hornet zombie hits you.
* * * LOW HITPOINT WARNING * * *
You barely miss the hornet zombie.
The hornet zombie is lightly damaged.
The hornet zombie hits you!
* * * LOW HITPOINT WARNING * * *
You hit the hornet zombie.
The hornet zombie is moderately damaged.
The hornet zombie hits you but does no damage.
You hit the hornet zombie.
The hornet zombie is moderately damaged.
The hornet zombie hits you.
* * * LOW HITPOINT WARNING * * *
You closely miss the hornet zombie.
The hornet zombie is moderately damaged.
The hornet zombie hits you but does no damage.
You barely miss the hornet zombie.
The hornet zombie is moderately damaged.
The hornet zombie hits you but does no damage.
You barely miss the hornet zombie.
The hornet zombie is moderately damaged.
The hornet zombie hits you but does no damage.
You hit the hornet zombie but do no damage.
The hornet zombie is moderately damaged.
You hit the hornet zombie but do no damage.
The hornet zombie is moderately damaged.
The hornet zombie hits you.
* * * LOW HITPOINT WARNING * * *
The hornet zombie hits you but does no damage.
You closely miss the hornet zombie.
The hornet zombie is moderately damaged.
You hit the hornet zombie but do no damage.
The hornet zombie is moderately damaged.
The hornet zombie hits you but does no damage.
You hit the hornet zombie but do no damage.
The hornet zombie is moderately damaged.
The hornet zombie hits you!
You die...

....o....#.#........
.#..).#...#.......
#....#.#.........
##....o.##........
#....##..........
#o#######.>......
#.# ##.........
#'######.........
##Z♣..≈#........#
#....≈#....#...#
#....≈#....#..##
#≈≈≈≈≈#....#.####
######'.........##
#.....#........#
#...####†......#
##### #.......#
#..###..#


You could see a hornet zombie.

Vanquished Creatures
  An ice beast (D:5)
  An orc warrior (D:6)
  A quasit (D:5)
  4 hounds
  Terence (D:2)
  An iguana (D:5)
  An orc wizard (D:3)
  Natasha (thrice) (D:2)
  3 worker ants
  A hound skeleton (D:5)
  11 adders
  A shadow imp (D:3)
  An ufetubus (D:6)
  An adder skeleton (D:4)
  An adder zombie (D:5)
  2 worms (D:2)
  2 dart slugs
  3 leopard geckos
  11 orcs
  7 giant cockroaches
  8 goblins
  7 hobgoblins
  8 jackals
  7 kobolds
  3 ball pythons
  A ball python skeleton (D:4)
  8 bats
  3 frilled lizards
  A jackal skeleton (D:4)
  A jackal zombie (D:5)
  A leopard gecko skeleton (D:4)
  A leopard gecko zombie (D:6)
  11 rats
117 creatures vanquished.

Vanquished Creatures (others)
  3 withered plants (D:6)
3 creatures vanquished.

Grand Total: 120 creatures vanquished

Notes
Turn   | Place    | Note
-------+----------+-------------------------------------------
     0 | D:1      | Anon1729 the Demonspawn Monk began the quest for the Orb.
     0 | D:1      | Reached XP level 1. HP: 18/18 MP: 1/1
   334 | D:1      | Gained mutation: You regenerate magic rapidly. [demonic
                  | ancestry]
   334 | D:1      | Reached XP level 2. HP: 21/24 MP: 2/2
  1002 | D:2      | Reached XP level 3. HP: 29/29 MP: 3/3
  1048 | D:2      | Noticed Natasha
  1057 | D:2      | Killed Natasha
  1191 | D:2      | Noticed Natasha
  1204 | D:2      | Killed Natasha
  1205 | D:2      | Reached XP level 4. HP: 19/35 MP: 4/4
  1937 | D:2      | Noticed Natasha
  1944 | D:2      | Killed Natasha
  1945 | D:2      | Gained mutation: You are partially covered in molten
                  | scales. (AC +2) [demonic ancestry]
  1945 | D:2      | Reached XP level 5. HP: 24/42 MP: 5/5
  2080 | D:2      | Noticed Terence
  2092 | D:2      | Killed Terence
  3053 | D:3      | HP: 2/42 [poisoned by an adder]
  3615 | D:3      | Gained mutation: You have a pair of small antennae on your
                  | head. [demonic ancestry]
  3615 | D:3      | Reached XP level 6. HP: 42/48 MP: 6/6
  4807 | D:5      | Entered Level 5 of the Dungeon
  4939 | D:5      | Found a staircase to the Ecumenical Temple.
  5351 | D:5      | Noticed an ice beast
  5383 | D:5      | Killed an ice beast
  5384 | D:5      | Gained mutation: You are mostly covered in molten scales.
                  | (AC +3) [demonic ancestry]
  5384 | D:5      | Reached XP level 7. HP: 22/54 MP: 7/7
  5861 | D:6      | Reached skill level 5 in Short Blades
  6013 | D:6      | Found a runed translucent gate.
  6015 | D:6      | Found a runed translucent gate.
  6016 | D:6      | Found a runed translucent gate.
  6017 | D:6      | Noticed Glorbak's ghost (novice TrFi)
  6035 | D:6      | Noticed Inkie's ghost (novice KoEn)
  6036 | D:6      | Noticed Anon1729's ghost (amateur OpWr)
  6456 | D:6      | Reached skill level 5 in Dodging
  6464 | D:6      | HP: 4/82 [hornet zombie (4)]
  6469 | D:6      | HP: 3/82 [hornet zombie (2)]
  6472 | D:6      | Slain by a hornet zombie

Illustrated notes

Levels and vault maps discovered:
D:1:      psy_arrival_radial02, layout_basic
D:2:      kb_forest_paths, layout_loops_ring, minmay_quadrilaterals,
          uniq_terence, uniq_natasha
D:3:      layout_rooms, moated_statue, grunt_ministairs_7
D:4:      layout_basic
D:5:      layout_gridville, minmay_temple_entry_large_hall,
          kennysheep_generic_room_14
D:6:      layout_cave_pools, gammafunk_ghost_cemetery, serial_shops,
          kennysheep_mini_moat, serial_bayou_ford_a,
          corexii_item_surrounded_by_moat, small_statue_intersection,
          chequers_serial_rivers_room_a

Skill      XL: |  1  2  3  4  5  6  7 |
---------------+----------------------+-----
Short Blades   | 3 4 5 |  5.3
Dodging        | 3 4 5 |  5.0
Stealth        | 2 3 4 |  4.1
Fighting       | 4 |  4.4

Action                   |  1- 3 |  4- 6 |  7- 9 || total
-------------------------+-------+-------+-------++-------
Melee: Short sword       |    51 |       |       ||    51
       Dagger            |    32 |   277 |    88 ||   397
  Use: Potion            |       |     4 |     2 ||     6
       Scroll            |       |       |     7 ||     7
 Stab: Sleeping          |     4 |     6 |     1 ||    11
       Distracted        |       |     1 |       ||     1
Armor: Robe              |    14 |    72 |    13 ||    99
       Skin              |       |       |    16 ||    16
Dodge: Dodged            |    51 |   157 |    61 ||   269

Table legend: (Time is in decaauts)
 A = Elapsed time spent in this place.
 B = Non-inter-level travel time spent in this place.
 C = Inter-level travel time spent in this place.
 D = Time resting spent in this place.
 E = Time spent auto-exploring this place.
 F = Levels seen in this place.
 G = Mean time per level.
                   A        B        C        D        E       F      G
               +--------+--------+--------+--------+--------+-----+--------+
         Total |   6383 |   6262 |    121 |    973 |   4441 |   6 | 1063.8 |
       Dungeon |   6383 |   6262 |    121 |    973 |   4441 |   6 | 1063.8 |
               +--------+--------+--------+--------+--------+-----+--------+

Top non-repeatable levels by time:
     D:2: 1898 daAuts
     D:3: 1058 daAuts
     D:5: 1025 daAuts
     D:4: 922 daAuts
     D:1: 879 daAuts
     D:6: 598 daAuts
